 Dungeon Crawl Stone Soup version 0.19.5 (webtiles) character file.

116 IcySystem the Sneak (level 4, 21/21 HPs)
             Began as a Spriggan Enchanter on May 24, 2017.
             Quit the game on level 3 of the Dungeon.
             The game lasted 00:11:50 (4050 turns).

IcySystem the Sneak (Spriggan Enchanter)            Turns: 4050, Time: 00:11:50

Health: 21/21      AC:  3    Str:  4    XL:     4   Next: 69%
Magic:  10/10      EV: 18    Int: 17    God:
Gold:   157        SH:  0    Dex: 16    Spells: 4 memorised, 1 level left

rFire  . . .     SeeInvis +     a - +1 dagger
rCold  . . .     Gourm    .     b - +1 robe
rNeg   . . .     Faith    .     (shield restricted)
rPois  .         Spirit   .     (helmet restricted)
rElec  .         Reflect  .     (no cloak)
rCorr  .         Harm     .     (gloves unavailable)
MR     +....                    (boots unavailable)
Stlth  +++.......               (no amulet)
                                (no ring)
                                j - ring of protection from magic

@: very quick
A: unfitting armour, see invisible, herbivore 3, speed 3, slow metabolism 2
a: no special abilities


You were on level 3 of the Dungeon.
You were not hungry.

You visited 1 branch of the dungeon, and saw 3 of its levels.

You collected 157 gold pieces.

Inventory:

Hand Weapons
 a - a +1 dagger (weapon)
 g - a +0 hunting sling
 y - a +0 hunting sling
Armour
 b - a +1 robe (worn)
Jewellery
 j - a ring of protection from magic (left hand)
 m - an uncursed ring of ice
 x - a +4 ring of protection {unknown}
Scrolls
 f - a scroll of remove curse {unknown}
 i - a scroll of recharging {unknown}
 k - a scroll of magic mapping {unknown}
 o - a scroll of immolation {unknown}
 p - 3 scrolls of enchant armour {unknown}
 q - 2 scrolls of identify {unknown}
 u - a scroll of amnesia {unknown}
 v - 2 scrolls of teleportation {unknown}
Potions
 e - a potion of mutation {unknown}
 l - a potion of heal wounds {unknown}
 n - a potion of curing {unknown}
 r - a potion of lignification {unknown}
 t - a potion of might {unknown}
 w - a potion of degeneration {unknown}
Books
 c - a book of Maledictions

   Spells                             Type                      Level
   a - Corona                         Hexes                        1
   b - Ensorcelled Hibernation        Hexes/Ice                    2
   c - Confuse                        Hexes                        3
   d - Tukima's Dance                 Hexes                        3
   e - Dazzling Spray                 Conjuration/Hexes            3
Comestibles
 d - 3 bread rations
 h - a royal jelly
 s - 3 fruits


   Skills:
 - Level 0.2 Fighting
 - Level 1.7 Short Blades
 - Level 3.2 Dodging
 + Level 6.0 Stealth
 * Level 3.9 Spellcasting
 * Level 4.5 Hexes


You had one spell level left.
You knew the following spells:

 Your Spells              Type           Power        Failure   Level  Hunger
a - Corona                Hex            ###....      2%          1    None
b - Ensorcelled Hibernat  Hex/Ice        ##....       12%         2    ##.....
c - Confuse               Hex            ###.....     10%         3    ###....
d - Dazzling Spray        Conj/Hex       ##....       21%         3    ###....


Dungeon Overview and Level Annotations

Branches:
Dungeon (3/15)

Altars:
Okawaru
Trog


Innate Abilities, Weirdness & Mutations

You are very small and have problems with some larger weapons.
You are too small for most types of armour.
You have supernaturally acute eyesight. (SInv)
You are a herbivore.
You cover ground extremely quickly.
You need consume almost no food.


Message History

Found 12 sling bullets, a short sword and a scroll labeled KISOKU NIDECH.
You hear the rapid rusting of a very distant drain.
Found a meat ration.
A bat comes into view.
Found a scroll labeled LUOJ USMYI.
The bat closely misses you.
You barely miss the bat. The bat misses you.
The bat hits you but does no damage.
You hit the bat.
You kill the bat!
No target in view!
No target in view!
Found an escape hatch in the ceiling.
You hear the rapid rusting of a drain nearby.
Things that are here:
a short sword; 4 stones You hear the drain falling apart.
Things that are here:
a short sword; 4 stones Are you sure you want to abandon this character and quit the game? (Confirm with "yes".)

# #[......# .. ####.#### ## #.h#
### #######.## #.# .....##..##
######.# .>##.##...###.)...##
..##............).#
..##.h#.$.###..÷.?# ......##.##
####@### ### ## . .........#
#.#.###.# #.... ...##.####
#.......# ####.## #####.#
#.#...#.# #...... ..# #.#
#.#...#.####.##.#. #.# #.########
#............##...
#.###.##..†..###.#####.####.##...
......##.###...........# #.####.
#.###### ###.###$.#...#####.####.


There were no monsters in sight!

Vanquished Creatures
  3 adders (D:2)
  2 worms (D:3)
  6 dart slugs
  A leopard gecko (D:2)
  2 orcs (D:3)
  10 bats
  6 goblins
  12 hobgoblins
  5 jackals (D:2)
  A quokka (D:2)
  7 frilled lizards
  5 kobolds
  7 rats
67 creatures vanquished.

Notes
Turn   | Place    | Note
-------+----------+-------------------------------------------
     0 | D:1      | IcySystem the Spriggan Enchanter began the quest for the Orb.
     0 | D:1      | Reached XP level 1. HP: 9/9 MP: 5/5
   434 | D:1      | Reached XP level 2. HP: 12/13 MP: 6/6
   949 | D:1      | Reached skill level 5 in Stealth
  1585 | D:1      | Learned a level 2 spell: Ensorcelled Hibernation
  1632 | D:1      | Reached XP level 3. HP: 11/16 MP: 5/8
  2488 | D:2      | Found an iron altar of Okawaru.
  2869 | D:2      | Reached XP level 4. HP: 21/21 MP: 2/9
  3103 | D:2      | Reached skill level 6 in Stealth
  3123 | D:2      | Learned a level 3 spell: Confuse
  3127 | D:2      | Learned a level 3 spell: Dazzling Spray
  3291 | D:3      | Noticed a phantom
  3776 | D:3      | Found a bloodstained altar of Trog.
  4050 | D:3      | Quit the game

Skill      XL: |  1  2  3  4 |
---------------+-------------+-----
Stealth        | 5 6 |  6.0
Hexes          | 4 |  4.5
Spellcasting   | 3 |  3.9
Fighting       | |  0.2
Short Blades   | |  1.7
Dodging        | |  3.2

Action                   |  1- 3 |  4- 6 || total
-------------------------+-------+-------++-------
Melee: Dagger            |   229 |    93 ||   322
 Cast: Ensorcelled Hiber |    13 |    13 ||    26
       Confuse           |       |     6 ||     6
 Stab: Sleeping          |    12 |    12 ||    24
       Distracted        |     1 |       ||     1
       Confused          |       |     2 ||     2
  Eat: Bread ration      |       |     1 ||     1
Armor: Robe              |    37 |     9 ||    46
Dodge: Dodged            |   182 |    68 ||   250
